 Dungeon Crawl Stone Soup version 0.19-a0-684-gf760df0 (webtiles) character file.

6167 Triterus the Cleaver (level 10, 0/86 (88) HPs)
             Began as a Minotaur Fighter on June 18, 2016.
             Was a Priest of Okawaru.
             Slain by an unseen horror (8 damage)
             ... on level 10 of the Dungeon.
             The game lasted 00:23:37 (8865 turns).

Triterus the Cleaver (Minotaur Fighter)             Turns: 8865, Time: 00:23:38

HP:   0/86 (88)     AC: 11    Str: 24    XL:     10   Next: 60%
MP:   24/24         EV:  9    Int:  5    God:    Okawaru [***...]
Gold: 560           SH: 12    Dex: 10    Spells: 0 memorised, 17 levels left

rFire  . . .     SeeInvis .     a - +1 war axe
rCold  . . .     Gourm    .     p - +0 chain mail
rNeg   . . .     Faith    .     c - +1 shield
rPois  .         Spirit   .     (helmet restricted)
rElec  .         Dismiss  .     (no cloak)
rCorr  .         Reflect  .     (no gloves)
SustAt .         Harm     .     (no boots)
MR     .....                    w - amulet of regeneration
Stlth  ..........               l - ring of magical power
                                j - ring of wizardry

@: not resistant to hostile enchantments, extremely unstealthy
A: retaliatory headbutt, horns 2
a: Heroism, Renounce Religion


You were on level 10 of the Dungeon.
You worshipped Okawaru.
Okawaru was most pleased with you.
You were not hungry.

You visited 2 branches of the dungeon, and saw 11 of its levels.
You also visited: Sewer.

You collected 560 gold pieces.

Inventory:

Hand Weapons
 a - a +1 war axe (weapon)
Armour
 c - a +1 shield (worn)
 n - a +0 pair of gloves
 p - a +0 chain mail (worn)
Jewellery
 j - a ring of wizardry (left hand)
 l - a ring of magical power (right hand)
 w - an amulet of regeneration (around neck)
Wands
 q - a wand of polymorph (24/24)
 y - a wand of polymorph (7/24)
 B - a wand of paralysis (17/24)
Scrolls
 e - 4 scrolls of teleportation
 i - 2 scrolls of immolation
 m - 5 scrolls of remove curse
 x - 3 scrolls of fear
 A - a scroll of amnesia
Potions
 b - 2 potions of mutation
 g - a potion of invisibility
 h - a potion of cure mutation {unknown}
 k - 5 potions of flight
 o - 3 potions of magic
 r - 7 potions of brilliance
 s - 5 potions of curing
 u - a potion of ambrosia {unknown}
 v - 3 potions of haste
 z - 2 potions of heal wounds {unknown}
Books
 d - a book of the Tempests

   Spells                             Type                      Level
   a - Static Discharge               Conjuration/Air              3
   b - Lightning Bolt                 Conjuration/Air              5
   c - Fireball                       Conjuration/Fire             5
   d - Tornado                        Air                          9
   e - Shatter                        Earth                        9
Comestibles
 f - 10 bread rations
 t - 8 meat rations


   Skills:
 + Level 8.0 Fighting
 * Level 10.6 Axes
 + Level 8.5 Armour
 + Level 6.1 Dodging
 + Level 8.1 Shields
 + Level 4.1 Spellcasting


You had 17 spell levels left.
You didn't know any spells.

Dungeon Overview and Level Annotations

Branches:
Dungeon (10/15)            Temple (1/1) D:6
   Lair: D:8-11         Orc: D:9-12

Altars:
Ashenzari
Cheibriados
Dithmenos
Elyvilon
Fedhas
Gozag
Hepliaklqana
Kikubaaqudgha
Makhleb
Nemelex Xobeh
Okawaru
Pakellas
Qazlal
Ru
Sif Muna
Trog
Uskayaw
Vehumet
Xom
Yredelemnul
Zin
The Shining One

Shops:
D:9 %


Innate Abilities, Weirdness & Mutations

You reflexively headbutt those who attack you in melee.
You have a pair of horns on your head.


Message History

Something hits you but does no damage.
You swing at nothing.
Something hits you but does no damage. Something hits you.
You closely miss something. Something hits you but does no damage.
You swing at nothing.
Something hits you.
* * * LOW HITPOINT WARNING * * *
Something hits you.
* * * LOW HITPOINT WARNING * * *
You barely miss something. Something hits you but does no damage.
Something completely misses you.
You closely miss something. Something hits you.
* * * LOW HITPOINT WARNING * * *
Something hits you.
* * * LOW HITPOINT WARNING * * *
Something hits you.
* * * LOW HITPOINT WARNING * * *
You closely miss something. Something hits you but does no damage.
You swing at nothing.
Something hits you but does no damage. Something hits you!
You die...

.. #.. #.. ##..
#..# ##..#
#..##...# o
#.......# ..
#..$...# ...
..##..#...## ....
......##..)# .....
.......@<).##......
...........).......
#....####.....####.
.... ###..## ...
#..# .. #..# . #..#
#..# ...#


There were no monsters in sight!

Vanquished Creatures
  Pikel (D:5)
  An ugly thing (D:9)
  A cyclops (D:8)
  A troll (D:9)
  The ghost of jedvagenij the Ruffian, an amateur DrMo of Sif Muna (D:5)
  Grinder (D:5)
  A spriggan (D:7)
  7 yaks (D:9)
  A wyvern (D:9)
  Eustachio (D:5)
  A hungry ghost (D:7)
  A hippogriff (D:8)
  Purgy (Sewer)
  An orc warrior (D:10)
  A sky beast (D:6)
  An eye of draining (D:9)
  A necrophage (D:8)
  An ice beast (D:5)
  2 phantoms
  3 centaurs
  2 ogres (D:7)
  3 giant frogs
  3 howler monkeys
  A crimson imp (D:6)
  A giant frog zombie (D:9)
  4 orc priests
  6 hounds
  3 jellies
  2 centaur skeletons
  Jessica (D:3)
  3 iguanas
  2 orc wizards
  4 worker ants
  Natasha (thrice) (D:2 D:3)
  A hound zombie (D:9)
  14 gnolls
  7 adders
  A shadow imp (D:9)
  4 oozes
  3 worms
  10 giant geckos
  21 orcs
  2 ball pythons
  3 bats (D:1)
  7 giant cockroaches
  7 goblins
  6 hobgoblins
  6 jackals
  4 quokkas
  9 giant newts
  A jackal skeleton (D:4)
  11 kobolds
  A quokka zombie (D:6)
  8 rats
193 creatures vanquished.

Vanquished Creatures (others)
  An iguana (D:5)
  A bat (D:2)
  A giant newt (D:5)
3 creatures vanquished.

Grand Total: 196 creatures vanquished

Notes
Turn   | Place    | Note
--------------------------------------------------------------
     0 | D:1      | Triterus the Minotaur Fighter began the quest for the Orb.
     0 | D:1      | Reached XP level 1. HP: 19/19 MP: 0/0
   235 | D:1      | Reached XP level 2. HP: 27/27 MP: 1/1
   688 | D:1      | Reached skill level 3 in Axes
   810 | D:2      | Noticed Natasha
   811 | D:2      | Reached skill level 1 in Dodging
   811 | D:2      | Reached XP level 3. HP: 33/33 MP: 2/2
   823 | D:2      | Killed Natasha
  1160 | D:2      | Found an oddly glowing altar of Pakellas.
  1165 | D:2      | Reached XP level 4. HP: 39/40 MP: 3/3
  1329 | D:2      | Noticed Natasha
  1337 | D:2      | Killed Natasha
  1677 | D:3      | Noticed Natasha
  1679 | D:3      | Noticed Jessica
  1693 | D:3      | Killed Natasha
  1697 | D:3      | Reached XP level 5. HP: 19/46 MP: 5/5
  1698 | D:3      | Killed Jessica
  1698 | D:3      | Reached skill level 4 in Axes
  1718 | D:3      | Reached skill level 1 in Spellcasting
  2284 | D:3      | Reached XP level 6. HP: 53/53 MP: 6/6
  3166 | D:5      | Entered Level 5 of the Dungeon
  3180 | D:5      | Reached skill level 5 in Axes
  3203 | D:5      | Noticed Grinder
  3205 | D:5      | Noticed Eustachio
  3211 | D:5      | Killed Grinder
  3211 | D:5      | Reached skill level 5 in Fighting
  3211 | D:5      | Reached skill level 5 in Armour
  3211 | D:5      | Reached XP level 7. HP: 52/61 MP: 8/8
  3226 | D:5      | Killed Eustachio
  3226 | D:5      | Reached skill level 5 in Shields
  3302 | D:5      | Reached skill level 6 in Axes
  3488 | D:5      | Noticed Pikel
  3508 | D:5      | Noticed jedvagenij's ghost (amateur DrMo)
  3513 | D:5      | Killed Pikel
  3513 | D:5      | Reached skill level 7 in Axes
  3513 | D:5      | Reached XP level 8. HP: 70/70 MP: 8/10
  3520 | D:5      | Killed jedvagenij's ghost
  4103 | D:6      | Found a glowing drain.
  4152 | Sewer    | Entered a sewer
  4188 | Sewer    | Noticed Purgy
  4209 | Sewer    | Killed Purgy
  4527 | D:6      | Found a staircase to the Ecumenical Temple.
  4546 | Temple   | Entered the Ecumenical Temple
  4665 | Temple   | Became a worshipper of Warmaster Okawaru
  4875 | D:6      | Reached skill level 8 in Axes
  4875 | D:6      | Reached XP level 9. HP: 50/78 MP: 12/12
  5464 | D:6      | Found a stormy altar of Qazlal.
  5811 | D:7      | Reached * piety under Okawaru
  6477 | D:8      | Reached skill level 9 in Axes
  6681 | D:8      | Noticed a cyclops
  6683 | D:8      | Noticed a centaur warrior
  6685 | D:8      | Noticed a troll
  6755 | D:8      | Killed a cyclops
  6755 | D:8      | Reached skill level 5 in Dodging
  7605 | D:9      | Reached ** piety under Okawaru
  7626 | D:9      | Reached XP level 10. HP: 23/84 MP: 14/14
  8108 | D:9      | Found Buykicw's Food Boutique.
  8111 | D:9      | Noticed a green ugly thing
  8121 | D:9      | Killed a green ugly thing
  8121 | D:9      | Reached skill level 10 in Axes
  8333 | D:9      | Reached *** piety under Okawaru
  8695 | D:9      | Found a glowing golden altar of the Shining One.
  8705 | D:9      | Found a white marble altar of Elyvilon.
  8709 | D:9      | Found a sacrificial altar of Ru.
  8773 | D:10     | Entered Level 10 of the Dungeon
  8865 | D:10     | Slain by an unseen horror

Vault maps used:
D:1:      enne_arrival_octagon_isle
D:2:      roderic_chinese_pattern_swastika, serial_bayou_pond_e,
          grunt_pakellas_sulfur, uniq_natasha
D:3:      first_bread, minivault_24, uniq_jessica
D:5:      uniq_eustachio, uniq_pikel, uniq_grinder
D:6:      marbit_many_paths, temple_statues, portal_sewer_entry_f
D:7:      the_bakery
D:8:      minivault_12
D:9:      minitemple, serial_shops, kennysheep_mini_moat
D:10:     erik_lair_dragon, david_orc_3
Temple:   kilobyte_greek_temple_18
Sewer:    sewer_co_purgy_island

Skill      XL: |  1  2  3  4  5  6  7  8  9 10 |
---------------+-------------------------------+-----
Shields        | 4 5 6 7 8 |  8.1
Axes           | 3 4 5 7 8 9 10 | 10.6
Dodging        | 1 2 3 4 5 6 |  6.1
Armour         | 4 5 6 7 8 |  8.5
Fighting       | 4 5 6 7 8 |  8.0
Spellcasting   | 1 2 3 4 |  4.1

Action                   |  1- 3 |  4- 6 |  7- 9 | 10-12 || total
-------------------------+-------+-------+-------+-------++-------
Melee: War axe           |    75 |   128 |   305 |   107 ||   615
       Headbutt          |     9 |    22 |    58 |    28 ||   117
       Hand axe          |       |    25 |       |       ||    25
  Use: Scroll            |       |    10 |    10 |     2 ||    22
       Potion            |       |     4 |     2 |       ||     6
  Eat: Chunk             |     1 |     7 |    17 |     1 ||    26
       Royal jelly       |       |       |     1 |       ||     1
       Pizza             |       |       |     1 |       ||     1
       Bread ration      |       |       |       |     1 ||     1
Armor: Scale mail        |    20 |       |       |       ||    20
       Chain mail        |    24 |    63 |   138 |    55 ||   280
Dodge: Dodged            |    22 |    21 |    87 |    29 ||   159
Block: Shield            |    40 |    74 |   187 |    67 ||   368
